AoeStats
← masi.frutti

Arena

510445606Analyzed
1v1 RM · 2d ago on Oct 1, 2026· 34m 12s· 2 players
Game mode
Random Map
Map size
Tiny (2 player)
Population
200
Speed
Normal
Resources
Standard
Victory
Conquest
Starting age
Dark Age
Ending age
Imperial Age
RankedLock teamsTeams togetherTeam positionsShared explorationLock speedFull tech treeHidden civsTurbo modeCheats
Victory
Defeat
🇦🇷 Persians · Argentina
1268
+15
🇲🇽 Persians · Mexico
1241
-15
masi.frutti
10:28 Feudal Age
14:44 Castle Age
13:27 Double-Bit Axe
13:23 Horse Collar
13:51 Loom
14:31 Stone Mining
15:31 Bow Saw
21:51 Gold Mining
24:33 Heavy Plow
28:48 Imperial Age
26:57 Scale Barding Armor
27:02 Forging
27:34 Wheelbarrow
27:38 Forging
27:47 Masonry
27:14 Pikeman
27:54 Squires
28:26 Scale Mail Armor
29:03 Iron Casting
29:36 Crop Rotation
29:36 Chain Mail Armor
28:47 Light Cavalry
29:38 Bloodlines
29:28 Husbandry
30:49 Hand Cart
30:02 Halberdier
30:59 Husbandry
30:49 Cavalier
massi2255
10:04 Feudal Age
11:52 Double-Bit Axe
11:49 Horse Collar
13:46 Wheelbarrow
18:55 Castle Age
18:10 Stone Mining
19:25 Gold Mining
19:52 Bow Saw
25:20 Imperial Age
24:54 Gold Shaft Mining
25:31 Loom
27:27 Chemistry
30:08 Padded Archer Armor
Connection lost

Rejoining the realm…

Still unreachable

The connection could not be restored.

Session expired

The server has moved on; the page needs a fresh start.